 Dungeon Crawl Stone Soup version 0.23-a0-169-gb21e695 (webtiles) character file.

109 iamserjio the Conjurer (level 4, -6/31 HPs)
             Began as an Octopode Wanderer on Sept 11, 2018.
             Asphyxiated
             ... on level 3 of the Dungeon.
             The game lasted 00:05:58 (2512 turns).

iamserjio the Conjurer (Octopode Wanderer)          Turns: 2512, Time: 00:05:59

Health: -6/31      AC:  1    Str: 11    XL:     4   Next: 89%
Magic:  8/8        EV: 12    Int: 16    God:
Gold:   69         SH:  0    Dex: 10    Spells: 1/9 levels left

rFire    . . .     SeeInvis .   b - +0 short sword (curse)
rCold    . . .     Gourm    .   (no shield)
rNeg     . . .     Faith    .   (helmet restricted)
rPois    .         Spirit   .   (no amulet)
rElec    .         Reflect  .   (no ring)
rCorr    .         Harm     .   (no ring)
MR       .....                  (no ring)
Stlth    ++........             (no ring)
HPRegen  0.10/turn              (no ring)
MPRegen  0.11/turn              (no ring)
                                (no ring)
                                (no ring)

@: lethally poisoned (-6 -> -35), slowed, very slow
A: almost no armour, stealthy swim, amphibious, 8 rings, constrict 8, camouflage
1, gelatinous body 1
a: no special abilities


You were on level 3 of the Dungeon.
You were not hungry.

You visited 1 branch of the dungeon, and saw 3 of its levels.

You collected 69 gold pieces.

Inventory:

Hand Weapons
 b - a cursed +0 short sword (weapon)
 d - a +0 club
 s - a cursed -2 short sword
 v - a +0 falchion
 w - a cursed -2 dagger
Missiles
 e - 57 stones (quivered)
 t - 7 tomahawks of returning
Jewellery
 q - a cursed ring of teleportation {unknown}
 r - an uncursed ring of poison resistance {unknown}
Wands
 c - a wand of random effects (15)
Scrolls
 g - 2 scrolls of identify {unknown}
 l - a scroll of remove curse {unknown}
 n - a scroll of fog {unknown}
 o - a scroll of teleportation {unknown}
 u - a scroll of fear {unknown}
Potions
 a - a potion of cancellation {unknown}
 h - a potion of might {unknown}
 j - a potion of magic {unknown}
 k - a potion of brilliance {unknown}
 m - a potion of curing {unknown}
 p - a potion of haste {unknown}
Comestibles
 f - 4 rations
 i - 5 chunks of flesh


   Skills:
 - Level 3.0 Fighting
 - Level 3.0 Spellcasting
 + Level 3.1 Conjurations
   Level 1.0 Translocations
 * Level 2.0 Fire Magic
   Level 1.2 Poison Magic
 - Level 2.1 Evocations


You had one spell level left.
You knew the following spells:

 Your Spells              Type           Power        Failure   Level  Hunger
a - Flame Tongue          Conj/Fire      ##...        6%          1    #......
b - Conjure Flame         Conj/Fire      ##......     19%         3    ###....
c - Sticky Flame          Conj/Fire      ##......     54%         4    #####..

Your spell library contained the following spells:

 Spells                   Type           Power        Failure   Level  Hunger
 Confusing Touch          Hex            #.....       19%         1    #......
 Throw Flame              Conj/Fire      ##....       10%         2    ##.....
 Corpse Rot               Necr           N/A          28%         2    ##.....
 Sublimation of Blood     Necr           #.........   28%         2    ##.....
 Gell's Gravitas          Tloc           #.........   36%         3    ###....
 Inner Flame              Hex/Fire       #.......     36%         3    ###....
 Confuse                  Hex            #.......     50%         3    ###....
 Fireball                 Conj/Fire      ##........   87%         5    ######.
 Petrify                  Tmut/Erth      #.......     88%         4    #####..
 Metabolic Englaciation   Hex/Ice        #.........   99%         5    ######.
 Yara's Violent Unravell  Hex/Tmut       #.........   99%         5    ######.


Dungeon Overview and Level Annotations

Branches:
Dungeon (3/15)

Altars:

Annotations:
D:2 Sigmund


Innate Abilities, Weirdness & Mutations

You cannot wear most types of armour.
You are very stealthy in the water. (Stealth+)
You are amphibious.
You can wear up to eight rings at the same time.
You can use your tentacles to constrict eight enemies at once.
Your skin changes colour to match your surroundings (Stealth+).
Your rubbery body absorbs attacks. (AC +1, EV +1)


Message History

The curare-tipped needle misses you.
You see here a thin jewelled staff.
You barely miss the orc. You grab the orc.
You squeeze the orc, but do no damage. You constrict the orc.
You feel sick. The orc hits you with a mace.
The kobold shoots a curare-tipped needle.
The curare-tipped needle hits you.
You are lethally poisoned!
You have difficulty breathing.
* * * LOW HITPOINT WARNING * * *
You feel as though you will be slow longer.
You hit the orc.
You kill the orc!
* * * LOW HITPOINT WARNING * * *
You feel sick.
The kobold shoots a curare-tipped needle.
The curare-tipped needle hits you.
You are more poisoned.
You have difficulty breathing.
You die...

##.( #............#....
#....#............#....
..................#....
....##...........#..#. .
..# #...........#..#.
... #..(........#....
....####((.........##.#.
..........#########....#
......)@..# #.#...
.^........# #.#.##
##........# #.#.#
#........# #.#.#
#.K......# #....
#........# #....
########## #....


You could see a kobold.

Vanquished Creatures
  An orc wizard (D:3)
  An adder (D:2)
  A worm (D:2)
  2 dart slugs
  2 leopard geckos
  5 orcs
  3 bats
  8 giant cockroaches
  9 goblins
  7 hobgoblins
  A ball python (D:2)
  3 frilled lizards
  4 kobolds
  8 rats
55 creatures vanquished.

Vanquished Creatures (others)
  A fungus (D:1)
1 creature vanquished.

Grand Total: 56 creatures vanquished

Notes
Turn   | Place    | Note
-------+----------+-------------------------------------------
     0 | D:1      | iamserjio the Octopode Wanderer began the quest for the
                  | Orb.
     0 | D:1      | iamserjio set off with: a wand of random effects (15), a +0
                  | club, a ration
     0 | D:1      | Reached XP level 1. HP: 11/11 MP: 4/4
     2 | D:1      | Learned a level 1 spell: Flame Tongue
   246 | D:1      | Reached skill level 1 in Fighting
   250 | D:1      | Reached XP level 2. HP: 18/18 MP: 1/6
   861 | D:1      | Reached XP level 3. HP: 25/25 MP: 7/7
  1255 | D:2      | Noticed Sigmund
  1266 | D:2      | Learned a level 3 spell: Conjure Flame
  1846 | D:2      | Reached XP level 4. HP: 31/31 MP: 8/8
  1999 | D:3      | Learned a level 4 spell: Sticky Flame
  2512 | D:3      | Asphyxiated

Vault maps used:
D:1:      dpeg_arrival_prison, hangedman_decor_points
D:2:      first_ration, uniq_sigmund
D:3:      nicolae_overflow_hidden_temple

Skill      XL: |  1  2  3  4 |
---------------+-------------+-----
Fighting       | 1 2 3 |  3.0
Conjurations   | 3 |  3.1
Spellcasting   | |  3.0
Translocations | |  1.0
Fire Magic     | |  2.0
Poison Magic   | |  1.2
Evocations     | |  2.1

Action                   |  1- 3 |  4- 6 || total
-------------------------+-------+-------++-------
Melee: Short sword       |    40 |    22 ||    62
       Tentacles         |     7 |     5 ||    12
       Club              |     1 |       ||     1
       Constrict         |     9 |     7 ||    16
Throw: Stone             |     1 |       ||     1
 Cast: Flame Tongue      |    40 |    11 ||    51
 Stab: Sleeping          |     4 |     3 ||     7
  Eat: Chunk             |     3 |     2 ||     5
Armor: Skin              |       |     2 ||     2
Dodge: Dodged            |    31 |    15 ||    46

Table legend:
 A = Non-vault XP
 B = Vault XP
 C = Vault XP percentage of total XP
 D = Non-vault monster count
 E = Vault monster count
 F = Vault count percentage of total count
                 A         B        C        D         E       F
            +---------+---------+-------+---------+---------+-------
      Total |     152 |       4 |   2.6 |      52 |       3 |   5.5
            +---------+---------+-------+---------+---------+-------
        D:1 |      36 |       4 |  10.0 |      19 |       3 |  13.6
        D:2 |      48 |       0 |   0.0 |      20 |       0 |   0.0
        D:3 |      68 |       0 |   0.0 |      13 |       0 |   0.0
            +---------+---------+-------+---------+---------+-------
